Cogmind - Beta 17 @@@ ROGUE MODE // 2026.07.17 @ 09:43:43 Player: pinbox Result: Destroyed by X4-26A(R) with Subdweller Machine Gun Performance ------------- Evolutions (0) 0 Regions Visited (2) 400 Robots Destroyed (21) 105 Value Destroyed (571) 571 Prototype IDs (0) 0 Alien Tech Used (0) 0 Bonus (0) 0 TOTAL SCORE: 1076 Bonus ------- None Cogmind --------- Core Integrity 0/250 Matter 280/300 Energy 87/125 System Corruption 0% Temperature Cool (0) Movement Treading (160) Location -10/Subcaves Parts ------- > --- POWER (1) -------- Light Ion Engine > --- PROPULSION (2) --- Spiked Treads > --- UTILITY (2) ------ Small Storage Unit Propulsion Shielding > --- WEAPON (2) ------- Subdweller Laser Subdweller Laser > --- INVENTORY (8) ---- Light Ion Engine Subdweller Monowheel Subdweller Monowheel Subdweller Monowheel Particle Cannon Particle Cannon Subdweller Beam Cannon Peak State ------------ > --- POWER ------------ Light Ion Engine > --- PROPULSION ------- Spiked Treads Subdweller Monowheel > --- UTILITY ---------- Small Storage Unit Propulsion Shielding > --- WEAPON ----------- Particle Cannon Subdweller Beam Cannon > --- INVENTORY -------- Light Ion Engine Light Treads Subdweller Monowheel Subdweller Monowheel Subdweller Laser Subdweller Laser Particle Cannon Particle Cannon [Rating: 12] Favorites ----------- Power Ion Engine Engine Ion Engine Propulsion Light Treads Treads Light Treads Wheel Subdweller Monowheel Utility Small Storage Unit Device Seismic Detector Storage Small Storage Unit Protection Propulsion Shielding Weapon Particle Cannon Energy Gun Subdweller Laser Energy Cannon Particle Cannon Ballistic Gun Assault Rifle Build | -11 -10 -10 ------- Run | Yrd Mat Sub Slots Evolved . | . . . Power . | . . . Propulsion . | . . . Utility . | . . . Weapon . | . . . Parts Attached 18 | 7 5 6 Power 2 | 1 . 1 Engine 2 | 1 . 1 Core . | . . . Reactor . | . . . Propulsion 4 | 2 . 2 Treads 3 | 2 . 1 Leg . | . . . Wheel 1 | . . 1 Hover . | . . . Flight . | . . . Utility 3 | 2 1 . Device 1 | 1 . . Storage 1 | 1 . . Processor . | . . . Hackware . | . . . Protection 1 | . 1 . Artifact . | . . . Weapon 9 | 2 4 3 Energy Gun 2 | . . 2 Energy Cannon 5 | . 4 1 Ballistic Gun 2 | 2 . . Ballistic Cannon . | . . . Launcher . | . . . Special Weapon . | . . . Impact Weapon . | . . . Slashing Weapon . | . . . Piercing Weapon . | . . . Special Melee Weapon . | . . . Unidentified Prototypes . | . . . Parts Lost 4 | . 1 3 Power 1 | . . 1 Propulsion 2 | . 1 1 Utility . | . . . Weapon 1 | . . 1 Highest Loss Streak 2 | . 1 2 To Critical Strikes . | . . . Average Backups 3 | . 2 6 Power 1 | . 1 1 Propulsion . | . . 1 Utility . | . . . Weapon 1 | . . 2 Tool/Special . | . . . Unused Backups 3 | . . 3 Power 1 | . . 1 Propulsion 2 | . . 2 Utility . | . . . Weapon . | . . . Tool/Special . | . . . Average Slot Usage (%) 91 | . 90 93 Engine 13 | . 14 13 Treads 19 | . 20 15 Wheel 2 | . . 6 Device 2 | . 4 . Storage 14 | . 14 14 Protection 9 | . 7 14 Energy Gun 1 | . . 3 Energy Cannon 22 | . 20 24 Ballistic Gun 4 | . 7 . Peak Build Rating 12 | 7 9 12 Average Rating 8 | 5 7 10 On Entrance 5 | . 7 8 Avg Prop Armor Cover (%) 13 | . . 13 Naked Turns . | . . . Heaviest Build 23 | 14 19 23 Greatest Support 40 | 40 40 40 Greatest Overweight (x) 1 | . . 1 Average Overweight (x) . | . . . Largest Inventory Capacity 8 | 8 8 8 Average Capacity 7 | 7 8 8 Most Carried 8 | 1 5 8 Average Carried 3 | . 2 6 Final Capacity 8 | 8 8 8 Final Carried 7 | 1 2 7 Class Distribution -------------------- 100% | Mutant Dominant Class ---------------- Mutant | -10/Materials Mutant | -10/Subcaves Resources | -11 -10 -10 ----------- Run | Yrd Mat Sub Matter Collected 651 | 304 249 98 Remotely . | . . . Salvage Created 776 | 92 366 318 Parts 44 | 6 19 19 Haulers Intercepted 1 | . 1 . Recyclers Shooed . | . . . Parts Field Recycled . | . . . Retrieved Matter . | . . . Parts Self-Destructed 10 | . . 10 Prevented . | . . . Parts Restored . | . . . Kills | -11 -10 -10 ------- Run | Yrd Mat Sub Combat Hostiles Destroyed 16 | . 7 9 Guns 7 | . 5 2 Cannons 8 | . 2 6 Classes Destroyed 8 | 2 3 3 Tunneler 2 | 2 . . Hauler 1 | . 1 . Recycler 1 | 1 . . Watcher 1 | . 1 . Swarmer 3 | . . 3 Grunt 8 | . 7 1 Sentry 1 | . . 1 Subdweller 4 | . . 4 Best Kill Streak 3 | 3 3 3 Combat Bots Only 3 | . 3 3 Max Kills in Single Turn 1 | 1 1 1 Gunslinging . | . . . Exploded . | . . . Melee . | . . . Uniques/NPCs Destroyed . | . . . Combat | -11 -10 -10 -------- Run | Yrd Mat Sub Hostile Shots Fired 116 | . 59 57 Missed 32 | . 15 17 Hits 84 | . 44 40 Projectile 84 | . 44 40 Critical Strikes 1 | . . 1 Damage Taken 1124 | . 606 518 Core 260 | . 133 127 Absorbed by Shields . | . . . Redirected to Shielding 47 | . 8 39 Core Remaining (%) 100 | 100 . . Volleys Fired 86 | 10 44 32 Largest 2 | 2 2 2 Hottest 148 | 40 136 148 Shots Fired 169 | 20 86 63 Gun 88 | 20 54 14 Cannon 81 | . 32 49 Launcher . | . . . Special . | . . . Kinetic 74 | 20 54 . Thermal 95 | . 32 63 Explosive . | . . . Electromagnetic . | . . . Robot Hit Streak 10 | 5 9 10 Robot Miss Streak 4 | 4 4 4 Penetration Max . | . . . Secondary Targets . | . . . Shots Hit Robots 99 | 12 53 34 Core Hits 33 | 4 16 13 Critical Kills 1 | . . 1 Critical Parts Destroyed . | . . . Critical Strikes 1 | . . 1 Meltdown 1 | . . 1 Melee Attacks . | . . . Impact . | . . . Slashing . | . . . Piercing . | . . . Sneak Attacks . | . . . Combat Hostiles . | . . . Follow-up Attacks . | . . . Damage Inflicted 1607 | 116 730 761 Guns 725 | 116 378 231 Cannons 879 | . 349 530 Explosions . | . . . Melee . | . . . Ramming 3 | . 3 . Kinetic 494 | 116 378 . Thermal 1110 | . 349 761 Explosive . | . . . Electromagnetic . | . . . Impact . | . . . Slashing . | . . . Piercing . | . . . Highest Corruption . | . . . Average Corruption . | . . . Corruption Purged . | . . . Corruption Blocked . | . . . Overload Shots . | . . . Overflow Damage 31 | . 12 19 Projectiles 31 | . 12 19 Explosions . | . . . Melee . | . . . Knockbacks . | . . . Impact . | . . . Kinetic . | . . . Secondary . | . . . Self-Inflicted Damage . | . . . Shots . | . . . Rammed 2 | . 2 . Targets Rammed 2 | . 2 . Kicked . | . . . Crushed . | . . . Highest Temperature 633 | . 633 421 Average Temperature 158 | . 199 106 Received Heat Transfer 697 | . 324 373 Effects 13 | . 12 1 Shutdowns 3 | . 3 . Energy Bleed 3 | . 3 . Interference 2 | . 2 . Matter Decay 2 | . 1 1 Short Circuit 2 | . 2 . Damage (core) 1 | . 1 . Siege Activations . | . . . Martial Activations . | . . . Shielding Activations . | . . . Robots Disrupted . | . . . Combat Hostiles . | . . . Robots Corrupted . | . . . Combat Hostiles . | . . . Parts Fried . | . . . Impact Corruptions . | . . . Robots Melted 1 | . . 1 Combat Hostiles 1 | . . 1 Parts Melted 4 | . 1 3 Heat Transferred 1755 | . 629 1126 Parts Sabotaged . | . . . Parts Stolen . | . . . Parts Stripped . | . . . Power Chain Reactions . | . . . Alert | -11 -10 -10 ------- Run | Yrd Mat Sub Maximum Alert Level . | . . . Low Security (%) 100 | 100 100 . Level 1 . | . . . Level 2 . | . . . Level 3 . | . . . Level 4 . | . . . Level 5 . | . . . High Security . | . . . Max Security . | . . . Peak Influence 62 | 10 62 . Initial . | . . . Average 10 | . 11 . Influence Increases 345 | 15 220 110 Destroy 0b10 Robot/C 240 | . 140 100 Destroy 0b10 Robot/NC 25 | 15 10 . Destroy Leader 54 | . 44 10 Successful Hack 26 | . 26 . Influence Decreases 335 | 15 220 100 Time Decay 311 | 15 216 80 Lost Part 24 | . 4 20 Squads Dispatched 2 | . 2 . Investigation . | . . . Extermination . | . . . Reinforcement 2 | . 2 . Assault . | . . . Garrison . | . . . Intercept . | . . . Searches Triggered . | . . . Construction Impeded . | . . . Haulers Reinforced . | . . . Active Scanning Responses . | . . . Cargo Convoy Interrupts . | . . . Stealth | -11 -10 -10 --------- Run | Yrd Mat Sub Distress Signals 1 | . 1 . Communications Jammed . | . . . Distress Signals . | . . . Times Spotted 28 | . 18 10 Peak Tracking Total 5 | . 5 3 Tactical Retreats . | . . . Traps | -11 -10 -10 ------- Run | Yrd Mat Sub Traps Triggered . | . . . Indirectly . | . . . Trap Hack Attempts . | . . . Triggered . | . . . Disarmed . | . . . Reprogrammed . | . . . Reused . | . . . Traps Extracted . | . . . Installed . | . . . Triggered . | . . . Machines | -11 -10 -10 ---------- Run | Yrd Mat Sub Machines Disabled . | . . . Max in Single Turn . | . . . Machines Repaired . | . . . Machines Dismantled . | . . . Machines Sabotaged . | . . . Overloaded Fab Kills . | . . . Hacking | -11 -10 -10 --------- Run | Yrd Mat Sub Machines Accessed 5 | . 5 . Terminals 5 | . 5 . Fabricators . | . . . Repair Stations . | . . . Recycling Units . | . . . Scanalyzers . | . . . Garrison Access . | . . . Total Hacks 17 | . 17 . Successful 11 | . 11 . Failed 6 | . 6 . Catastrophic . | . . . Database Lockouts . | . . . Manual 18 | . 18 . Terminals 17 | . 17 . Fabricators . | . . . Repair Stations . | . . . Recycling Units . | . . . Scanalyzers . | . . . Garrison Access . | . . . Terminal Hacks 3 | . 3 . Robot Analysis 1 | . 1 . Terminal Index 1 | . 1 . Zone Layout 1 | . 1 . Fabricator Hacks . | . . . Repair Station Hacks . | . . . Recycling Unit Hacks . | . . . Scanalyzer . | . . . Garrison Access Hacks . | . . . Unauthorized Hacks 8 | . 8 . Terminals 8 | . 8 . Botnet 3 | . 3 . Skim 5 | . 5 . Fabricators . | . . . Repair Stations . | . . . Recycling Units . | . . . Scanalyzers . | . . . Garrison Access . | . . . Data Cores Recovered . | . . . Used . | . . . Hacking Detections 5 | . 5 . Full Trace Events . | . . . Feedback Events . | . . . Feedback Blocked . | . . . Robot Schematics Acquired . | . . . Robots Built . | . . . Authchips . | . . . Time . | . . . Total Robot Build Rating . | . . . Part Schematics Acquired . | . . . Parts Built . | . . . Authchips . | . . . Time . | . . . Total Part Build Rating . | . . . Part Studies Acquired . | . . . Parts Repaired . | . . . Time . | . . . Parts Recycled . | . . . Recycled Matter . | . . . Retrieved Matter . | . . . Retrieved Components . | . . . Parts Scanalyzed . | . . . Part Schematics Acquired . | . . . Parts Damaged . | . . . Bothacking | -11 -10 -10 ------------ Run | Yrd Mat Sub Used RIF Installer . | . . . Robots Hacked . | . . . Non-combat . | . . . Combat . | . . . Robot Hacks Applied . | . . . Relay Couplers Released . | . . . Fabnet Peak Effective % . | . . . Robots Rewired . | . . . Allies Hacked . | . . . Hacks Repelled . | . . . Allies | -11 -10 -10 -------- Run | Yrd Mat Sub Total Allies . | . . . Largest Group . | . . . Highest-Rated Group . | . . . Highest-Rated Ally . | . . . Total Orders . | . . . Ally Attacks . | . . . Total Damage . | . . . Kills . | . . . Allies Corrupted . | . . . Allies Melted . | . . . Intel | -11 -10 -10 ------- Run | Yrd Mat Sub Active Infowar (turns) 347 | 14 333 . Seismic 347 | 14 333 . Robot Analysis Total 1 | . 1 . Derelict Logs Recovered 2 | . . 2 Drone Launches . | . . . Drone Recoveries . | . . . Exploration | -11 -10 -10 ------------- Run | Yrd Mat Sub Turns Passed 1878 | 97 1141 640 Spaces Moved 742 | 38 381 323 Core 2 | 2 . . Treads 540 | 36 381 123 Legs . | . . . Wheels 200 | . . 200 Hover . | . . . Flight . | . . . Fastest Speed 50 | 50 160 120 Average Speed 154 | 154 160 147 Slowest Speed 240 | 160 160 240 Overloaded Moves . | . . . Propulsion Burnouts . | . . . Robots Hopped . | . . . Potential Cave-ins . | . . . Cave-ins Triggered . | . . . Exploration Rate (%) 27 | 3 47 31 Regions Visited 2 Branch Regions 1 Pre-discovered Areas 4 | . 3 1 Known Exits Taken 1 | . 1 . Unknown Exits Taken 1 | 1 . . Scrap Searched . | . . . Spaces Dug . | . . . Terrain Destroyed 7 | . . 7 Melee . | . . . Projectile 7 | . . 7 AOE . | . . . Terrain Rammed . | . . . Walls Destroyed . | . . . Machines Disabled . | . . . Actions | -11 -10 -10 --------- Run | Yrd Mat Sub Total 1314 | 55 833 426 Wait 442 | . 388 54 Move 740 | 37 380 323 Hop . | . . . Pick Up 11 | 1 3 7 Fast Attach 10 | 7 2 1 Attach 8 | . 3 5 Detach 7 | . 5 2 Swap 3 | . 2 1 Drop 5 | . 4 1 Fire 86 | 10 44 32 Melee . | . . . Ram . | . . . Kick . | . . . Crush 2 | . 2 . Escape Stasis . | . . . Rewire . | . . . Trap . | . . . Miscellaneous . | . . . Route ------- -11/Scrapyard -10/Materials (discovered 5 exits: *Mat x3 / [*Min] / *Sub) -10/Subcaves History --------- Turn | Location | Event 35 | -11/Scrapyard | Discovered new exit (range 14) 98 | -11/Scrapyard | Entered Materials 179 | -10/Materials | Discovered new exit (range 16) 308 | -10/Materials | Build established: Mutant 486 | -10/Materials | Discovered new exit (range 14) 628 | -10/Materials | Core integrity fell below 50% 705 | -10/Materials | Discovered new exit (range 9) 789 | -10/Materials | Learned location of Subcaves (-10) 865 | -10/Materials | Identified exit to Subcaves 930 | -10/Materials | Identified exit to Materials 987 | -10/Materials | Learned 2 Mines zone layouts 1034 | -10/Materials | Learned location of Storage (-9) 1072 | -10/Materials | Loaded intel: 12 trap records 1098 | -10/Materials | Learned location of Mines (-8) 1134 | -10/Materials | Loaded intel: 28 non-interactive machine locations 1233 | -10/Materials | Learned location of 3 exits from Materials 1239 | -10/Materials | Entered Subcaves 1240 | -10/Subcaves | Approached by a straggling Scientist 1320 | -10/Subcaves | Learned Materials emergency access door positions 1426 | -10/Subcaves | Core integrity fell below 20% 1721 | -10/Subcaves | Shifting Twisted Machinery released Spk. Treads 1733 | -10/Subcaves | Shifting Twisted Machinery released Shrapnel Trap 1861 | -10/Subcaves | Disturbed a concealed Subdweller 1879 | -10/Subcaves | Destroyed by X4-26A(R) with Subdweller Machine Gun Last Messages --------------- 01728_ Acquired Sub. Monowheel. Shrapnel Trap falls loose from the Twisted Machinery. 01792_ S-10 Pest destroyed. 01798_ Subatomizers dissect the Flight Unit. 01798_ Destroyed Flight Unit. 01801_ Sub. Beam Cannon shoots sparks and powers down. 01802_ Lgt. Treads destroyed. 01803_ Particle Cannon destroyed. 01806_ Flight Unit fries itself beyond repair. 01810_ S-10 Pest destroyed. 01819_ Acquired 10 matter. 01823_ Lgt. Ion Engine fries itself beyond repair. 01823_ Subatomizers dissect the Flight Unit. 01831_ Flight Unit fries itself beyond repair. 01861_ X4-26A(R) angrily emerges from the Twisted Machinery. 01862_ X4-26A(R): "SUB#$%&!" Map ----- +----------------------------------------------------+ | ?????????????????????????????????????????????????? | | ?????????????????????????????????????????????????? | | ?????????????????????????????????????????????????? | | ?????????????????????????????????????????????????? | | ?????????????????????????????????????????????????? | | ?????????????????????????????????????????????????? | | ?????????????????????????????????????????????????? | | ?????????????????????????????????????????????????? | | ?????????????????????????????????????????????????? | | ?????????????????????????????????????????????????? | | ?????????????????????????????????????????????????? | | ?????????????????????????????????????????????????? | | ?????????????????????????????????????????????????? | | ?????????????????????????????????????????????????? | | ?????????????????????????????????????????????????? | | ?????????????????????????????????????????????????? | | ?????????????????????????????????????????????????? | | ?????????????????????????????????????????????????? | | ??????????????????##?#???????????????????????????? | | ?????????????????# $# ???????????????????????????? | | ??????????????????$& ???????????????????????????? | | ???????????????????" #??###??????????????????????? | | ?????????????????### ??# ##?????????????????????? | | ?????????????????# # #### ###?###???????????????? | | ???????????????### " " ## ### #???????????????? | | ???????????????# ##@ ## ##??????????????? | | ???????????????# R ## ##?????????????? | | ???????????????## ## #?????????????? | | ????????????????# #??????????????? | | ????????????????# #??????????????? | | ????????????????# #??????????????? | | ????????????????## ## #?????????????? | | ?????????????????## #? #?????????????? | | ??????????????? ### #? ##?????????????? | | ?????????????? #?##??????????????? | | ?????????????? #?????????????????? | | ?????????????? ##????????????????? | | ????????? ??? #### ###??????????????? | | ???????? ????## ## ###????????????? | | ???????? #????# ### "#????????????? | | ??????? #??# ######" %% ##????????????? | | ??????? #?? ##???## #?????????????? | | ??????? ??? #????# ##?????????????? | | ??????? ???? ##????# ##?????????????? | | ??????? #????? #??????## #?????????????? | | ??????# #?????? ?????????# #?????????????? | | ?????? #?????????????????# #?????????????? | | ?????? ####????"" ????????### ##?????????????? | | ?????? "" ###?"""?????????## ##?????????????? | | ????## "" # ## ??#######?# #?????????????? | +----------------------------------------------------+ Best States ------------- Heat Dissipation 25 Energy Generation 10 Energy Capacity 250 Matter Stores 300 Matter Capacity 300 Sight Range 16 Terrain Scan Density 10 Propulsion Shielding 33 Evasion (%) 40 Recoil Reduction 2 Item Schematics ----------------- None Robot Schematics ------------------ None Fabricated ------------ Nothing Repaired ---------- Nothing Studied --------- None Alien Tech Used ----------------- None Achievements -------------- None Challenges ------------ None Game ------ Seed HybridWardroneTriangulator Manual? 0 Play Time 00:11:23 Cumulative 67.7 hours Start 2026.07.17 @ 09:35:09 End 2026.07.17 @ 09:43:43 Sessions 1 Manual Loads 0 Difficulty Rogue Special Mode None Game No. 76 Rogue 76 Adventurer 0 Explorer 0 Win Type - Total 1 Types 1/0/0/0/0/0/0/0/0/0 Lore% 54 Gallery% 42 Achievement% 38 Wizard Run 0 Options --------- Layout 1 ASCII 0 Keyboard 1 Movement Numpad Keybinds 1 Fullscreen 2 Font 24/Smallcaps Map View 50x40 Zoom Use 0% Tactical HUD 1 Map Filters NONE Filters NONE Steam 1 RUN: babcae01-7a5d-4721-a478-fe6f8e31e629